 Dungeon Crawl Stone Soup version 0.25-a0-700-g7f8a7979f0 (webtiles) character file.

Game seed: 2564690036398017236, levelgen mode: deterministic

96 Ashen the Ogre Mage (level 4, 0/42 HPs)
             Began as an Ogre Wizard on Apr 2, 2020.
             Slain by Natasha (4 damage)
             ... on level 3 of the Dungeon.
             The game lasted 00:07:35 (3219 turns).

Ashen the Ogre Mage (Ogre Wizard)                   Turns: 3219, Time: 00:07:36

Health: 0/42       AC:  4    Str: 11    XL:     4   Next: 67%
Magic:  0/10       EV: 10    Int: 20    God:
Gold:   191        SH:  0    Dex:  7    Spells: 3/11 levels left

rFire    . . .     SeeInvis .   o - +0 flail
rCold    . . .     Gourm    .   (no shield)
rNeg     . . .     Faith    .   a - +0 robe
rPois    .         Spirit   +   b - +1 hat
rElec    .         Reflect  .   (no cloak)
rCorr    .         Harm     .   (gloves unavailable)
MR       .....                  (boots unavailable)
Stlth    ++........             l - amulet of guardian spirit
HPRegen  0.14/turn              (no ring)
MPRegen  0.12/turn              (no ring)

@: very slightly contaminated, slowed, very slow
A: large, unfitting armour, tough skin 1
a: no special abilities


You were on level 3 of the Dungeon.
You were not hungry.

You visited 1 branch of the dungeon, and saw 3 of its levels.

You collected 191 gold pieces.

Inventory:

Hand Weapons
 o - a +0 flail (weapon)
Armour
 a - a +0 robe (worn)
 b - a +1 hat (worn)
Jewellery
 l - an amulet of guardian spirit (around neck)
 r - an uncursed ring of ice
Wands
 f - a wand of iceblast (8)
Scrolls
 c - 2 scrolls of identify {unknown}
 g - 3 scrolls of remove curse
 i - 4 scrolls of enchant weapon {unknown}
 m - a scroll of random uselessness {unknown}
 n - 2 scrolls of fear {unknown}
Potions
 e - 3 potions of heal wounds {unknown}
 h - a potion of lignification {unknown}
 j - a potion of brilliance {unknown}
 k - a potion of might {unknown}
 p - 2 potions of flight {unknown}
Comestibles
 d - 4 rations


   Skills:
 + Level 2.1 Fighting
 + Level 0.2 Maces & Flails
 + Level 2.4 Dodging
 + Level 2.1 Stealth
 + Level 4.1 Spellcasting
 + Level 1.7 Conjurations
 - Level 0.8 Summonings
 - Level 0.8 Translocations


You had 3 spell levels left.
You knew the following spells:

 Your Spells              Type           Power        Failure   Level  Hunger
a - Magic Dart            Conj           ##..         6%          1    None
b - Blink                 Tloc           N/A          14%         2    #......
c - Call Imp              Summ           #.......     14%         2    #......
d - Mephitic Cloud        Conj/Pois/Air  #.......     30%         3    ###....

Your spell library contained the following spells:

 Spells                   Type           Power        Failure   Level  Hunger
 Slow                     Hex            #.......     19%         2    #......
 Conjure Flame            Conj/Fire      #.......     26%         3    ###....


Dungeon Overview and Level Annotations

Branches:
Dungeon (3/15)

Altars:

Annotations:
D:3 Natasha


Innate Abilities, Weirdness & Mutations

You are too large for most types of armour.
You have tough skin. (AC +1)


Message History

The crimson imp hits you but does no damage.
Natasha mumbles some strange words.
Natasha shimmers violently.
Natasha casts a spell at you. The magic dart hits you!
The crimson imp blinks!
You sock Natasha!
Natasha is almost dead.
Natasha stares at you and mumbles some strange words.
The magic dart hits you!
* * * LOW HITPOINT WARNING * * *
Natasha claws you.
* * * LOW HITPOINT WARNING * * *
You barely miss Natasha.
Natasha is almost dead.
Natasha misses you. The crimson imp puffs mist at you.
Natasha howls an incantation.
You feel troubled. Natasha claws you.
You die...

#.##.........####..#...(# #....
#.##....................# #....
#.##...................######....
...'........................'....
#.##...................##.###....
#.##...................##.# #####
#.##...................##.#
..###########..h..........# ..#
#.†.@5........# ..#
#.............# .###
#.....[....##.# ...######
#######'#####.#### ........######
#......# #....#### ..............
#......# #.##..... ..............
#......# #.####... ..............
#......# #.# #.## ..............
#......# #.# #...


You could see Natasha and a crimson imp.

Vanquished Creatures
  2 adders
  2 worms (D:2)
  3 dart slugs
  5 leopard geckos
  5 orcs (D:3)
  2 ball pythons
  3 giant cockroaches
  4 goblins
  6 hobgoblins
  3 jackals (D:1)
  7 bats
  4 kobolds
  9 rats
55 creatures vanquished.

Vanquished Creatures (others)
  Jessica (D:3)
1 creature vanquished.

Grand Total: 56 creatures vanquished

Notes
Turn   | Place    | Note
-------+----------+-------------------------------------------
     0 | D:1      | Ashen the Ogre Wizard began the quest for the Orb.
     0 | D:1      | Reached XP level 1. HP: 16/16 MP: 5/5
    38 | D:1      | Reached skill level 1 in Conjurations
    89 | D:1      | Reached XP level 2. HP: 10/26 MP: 1/6
   158 | D:1      | Reached skill level 1 in Fighting
   192 | D:1      | Learned a level 2 spell: Blink
   195 | D:1      | Learned a level 2 spell: Call Imp
   549 | D:1      | Reached XP level 3. HP: 33/33 MP: 1/8
  1221 | D:2      | Learned a level 3 spell: Mephitic Cloud
  1450 | D:2      | Reached skill level 4 in Spellcasting
  1760 | D:2      | Reached XP level 4. HP: 40/42 MP: 3/10
  2449 | D:3      | Noticed Jessica
  2456 | D:3      | Killed Jessica
  2911 | D:3      | Noticed Natasha
  3219 | D:3      | Slain by Natasha

Levels and vault maps discovered:
D:1:      roderic_dead_forest, layout_loops_cross
D:2:      layout_basic
D:3:      minmay_evil_eye, layout_basic, first_ration, uniq_ijyb, uniq_natasha,
          uniq_jessica

Skill      XL: |  1  2  3  4 |
---------------+-------------+-----
Conjurations   | 1 |  1.7
Dodging        | 2 |  2.4
Fighting       | 1 2 |  2.1
Spellcasting   | 4 |  4.1
Stealth        | 2 |  2.1
Maces & Flails | |  0.2
Summonings     | |  0.8
Translocations | |  0.8

Action                   |  1- 3 |  4- 6 || total
-------------------------+-------+-------++-------
Melee: Hand axe          |    75 |    17 ||    92
       Flail             |       |    27 ||    27
 Cast: Magic Dart        |    73 |    43 ||   116
  Use: Scroll            |       |     2 ||     2
 Stab: Sleeping          |       |     1 ||     1
  Eat: Chunk             |     2 |     5 ||     7
Armor: Robe              |    33 |    25 ||    58
Dodge: Dodged            |    45 |    36 ||    81

Table legend:
 A = Non-vault XP
 B = Vault XP
 C = Vault XP percentage of total XP
 D = Non-vault monster count
 E = Vault monster count
 F = Vault count percentage of total count
                 A         B        C        D         E       F
            +---------+---------+-------+---------+---------+-------
      Total |     130 |       8 |   5.8 |      52 |       3 |   5.5
            +---------+---------+-------+---------+---------+-------
        D:1 |      44 |       0 |   0.0 |      26 |       0 |   0.0
        D:2 |      43 |       0 |   0.0 |      13 |       0 |   0.0
        D:3 |      43 |       8 |  15.7 |      13 |       3 |  18.8
            +---------+---------+-------+---------+---------+-------
